 Dungeon Crawl Stone Soup version 0.31-a0-858-g469dc525a8 (webtiles) character file.

Game seed: 576859093358913515

4131 BinkBink the Cleaver (level 10, -1/88 HPs)
             Began as a Green Draconian Fighter on Oct 9, 2023.
             Was a Priest of Qazlal.
             Slain by an orc warrior
             ... wielding a +0 battleaxe
              (12 damage)
             ... in a bailey.
             The game lasted 00:11:38 (7078 turns).

BinkBink the Cleaver (Green Draconian Fighter)      Turns: 7078, Time: 00:11:40

Health: -1/88      AC:  7    Str: 23    XL:     10   Next: 6%
Magic:  10/10      EV: 12    Int:  9    God:    Qazlal [***...]
Gold:   334        SH:  9    Dex: 10    Spells: 9/9 levels left

rFire   . . .        I - +3 war axe
rCold   . . .        b - +0 buckler
rNeg    + . .        (body armour unavailable)
rPois   +            (helmet currently unavailable)
rElec   .            d - melded +0 cloak
rCorr   .            (gloves currently unavailable)
SInv    .            l - melded +0 pair of boots
Will    .....        (no amulet)
Stlth   +            n - ring of positive energy
HPRegen 0.34/turn    (no ring)
MPRegen 0.12/turn

%: no passive effects
@: mighty, beast-form
A: beast (slay +2), breathe noxious fumes, AC +7, unfitting armour, poison
resistance, cold-blooded
a: Breathe Noxious Fumes, Begin Untransformation, Renounce Religion, Upheaval,
Elemental Force


You were in a bailey.
You worshipped Qazlal.
Qazlal was most pleased with you.
You were a hulking beast.
You visited 1 branch of the dungeon, and saw 7 of its levels.
You also visited: Bailey.

You collected 334 gold pieces.

Inventory:

Hand Weapons
 I - a +3 war axe (weapon)
Armour
 b - a +0 buckler (worn)
 d - a +0 cloak (melded)
 l - a +0 pair of boots (melded)
Jewellery
 h - a ring of wizardry
 n - a ring of positive energy (left hand)
 C - a ring of fire
Talismans
 w - a beast talisman (active)
Wands
 k - a wand of flame (39)
 p - a wand of paralysis (1)
 t - a wand of roots (5)
Scrolls
 g - 2 scrolls of noise {unknown}
 i - 2 scrolls of identify {unknown}
 m - 3 scrolls of teleportation {unknown}
 o - a scroll of acquirement {unknown}
 q - a scroll of silence {unknown}
 s - a scroll of immolation {unknown}
 u - a scroll of blinking {unknown}
 v - a scroll of fog {unknown}
 x - a scroll of enchant weapon {unknown}
 y - a scroll of torment {unknown}
 D - a scroll of revelation {unknown}
 F - a scroll of amnesia {unknown}
 G - a scroll of vulnerability {unknown}
Potions
 c - a potion of might
 e - a potion of magic {unknown}
 f - a potion of berserk rage {unknown}
 j - a potion of curing {unknown}
 r - a potion of heal wounds {unknown}
 z - a potion of enlightenment {unknown}
 A - a potion of resistance {unknown}
 B - a potion of degeneration {unknown}
 E - a potion of brilliance {unknown}
 H - a potion of cancellation {unknown}


   Skills:
 + Level 8.2 Fighting
 * Level 9.9 Axes
 - Level 2.6 Dodging
 + Level 7.4 Shields
 + Level 4.5 Shapeshifting


You had 9 spell levels left.
You didn't know any spells.
Your spell library contained the following spells:

 Spells                   Type           Power      Damage    Failure   Level
 Foxfire                  Conj/Fire      0%         2x1d4     43%         1
 Vampiric Draining        Necr           0%         2d6       80%         3
 Volatile Blastmotes      Fire/Tloc      0%         2d10      80%         3
 Anguish                  Hex/Necr       0%         N/A       99%         4
 Fulminant Prism          Conj/Hex       0%         3d5       99%         4
 Iskenderun's Mystic Bla  Conj/Tloc      0%         2d3       99%         4
 Fireball                 Conj/Fire      0%         3d3       100%        5
 Plasma Beam              Fire/Air       0%         2x1d10    100%        6
 Starburst                Conj/Fire      0%         6d3       100%        6
 Haunt                    Necr/Summ      0%         N/A       100%        7
 Borgnjor's Revivificati  Necr           0%         N/A       100%        8
 Death's Door             Necr           0%         N/A       100%        9


Dungeon Overview and Level Annotations

Branches:
Dungeon (7/15)             Bailey (1/1)
 Temple: D:4-7

Altars:
Ashenzari
Fedhas
Qazlal

Shops:
D:1 (   D:4 (   D:5 !

Annotations:
D:3 1 runed translucent door, Crazy Yiuf
D:4 2 transporters


Innate Abilities, Weirdness & Mutations

You are a hulking beast.
Your limbs bulge with bestial killing power. (Slay +2)
You can breathe blasts of noxious fumes.
Your lurid green scales are hard. (AC +7)
You cannot fit into any form of body armour.
Your system is resistant to poisons. (rPois)
You are cold-blooded and may be slowed by cold attacks.


Message History

The orc warrior hits you with a +0 battleaxe.
You barely miss the orc. You barely miss the kobold.
You barely miss the orc warrior. The orc hits you with a +0 hand axe.
The orc warrior closely misses you. The kobold hits you but does no damage.
You barely miss the orc warrior.
You tail-slap the orc warrior, but do no damage.
The orc warrior is moderately wounded.
You miss the kobold. You hit the orc but do no damage.
You block the orc's attack.
The orc warrior hits you with a +0 battleaxe!
You block the kobold's attack. The orc attacks as it pursues you!
The orc closely misses you.
The orc warrior hits you with a +0 battleaxe.
There is an open door, spattered with blood here.
You barely miss the orc warrior. You tail-slap the orc warrior.
The orc warrior is moderately wounded.
You hit the orc.
The orc warrior hits you with a +0 battleaxe!
* * * LOW HITPOINT WARNING * * *
The orc warrior attacks as it pursues you!
The orc warrior misses you.
Things that are here:
a +0 hand axe; a +0 leather armour You feel very mighty all of a sudden.
You slash the orc warrior! You tail-slap the orc warrior!
The orc warrior is almost dead.
The orc warrior closely misses you.
You barely miss the orc warrior.
Your tail-slap misses the orc warrior.
The orc warrior is almost dead.
You hit the orc warrior.
The orc warrior hits you with a +0 war axe!
* * * LOW HITPOINT WARNING * * *
The orc warrior barely misses you.
You closely miss the orc warrior.
The orc warrior is almost dead.
You barely miss the orc warrior.
The orc warrior hits you with a +0 war axe.
* * * LOW HITPOINT WARNING * * *
The orc warrior hits you with a +0 battleaxe!
You die...

#.#############
......(.......####
######.Koo.......##
##'#h○.......##
#Ko#....⌠.....#
#o)###)))....# ##..'
#).)..### ....###......#####
###'####..#....(≈≈≈≈≈≈≈≈ ≈##
#.......####.≈≈(≈≈≈≈≈≈≈#
≈≈≈K#...[...#K≈≈≈≈≈≈~(...###
≈≈≈#########≈≈≈≈≈......##


You could see 2 orc warriors and a kobold.

Vanquished Creatures
  An orc knight (Bailey)
  Pikel (D:5)
  Grinder (D:3)
  4 yaks (D:7)
  A water moccasin (D:6)
  3 orc warriors (Bailey)
  An ice beast (D:6)
  2 black bears
  A sky beast (D:6)
  An ogre (D:5)
  A phantom (D:5)
  3 lemures (D:5)
  A bullfrog (D:6)
  4 scorpions
  11 killer bees
  A hound (D:5)
  A sleepcap (D:6)
  5 orc priests
  Natasha (thrice) (D:2)
  4 iguanas
  5 orc wizards
  Robin (D:2)
  3 gnolls (D:3)
  10 adders
  3 dart slugs
  A worm (D:3)
  30 orcs
  8 ball pythons
  10 endoplasms
  6 giant cockroaches
  27 goblins
  11 hobgoblins
  6 quokkas
  6 bats
  6 frilled lizards
  14 kobolds
  12 rats
209 creatures vanquished.

Vanquished Creatures (others)
  A gnoll (D:3)
1 creature vanquished.

Grand Total: 210 creatures vanquished

Notes
Turn   | Place    | Note
-------+----------+-------------------------------------------
     0 | D:1      | BinkBink the Draconian Fighter began the quest for the Orb.
     0 | D:1      | Reached XP level 1. HP: 19/19 MP: 1/1
    82 | D:1      | Found Doxiots's Weapon Boutique.
    99 | D:1      | Reached XP level 2. HP: 12/26 MP: 2/2
   643 | D:1      | Reached XP level 3. HP: 33/33 MP: 3/3
   803 | D:2      | Reached skill level 3 in Axes
   875 | D:2      | Noticed Natasha
   882 | D:2      | Killed Natasha
   883 | D:2      | Reached XP level 4. HP: 15/40 MP: 4/4
  1038 | D:2      | Noticed Natasha
  1044 | D:2      | Killed Natasha
  1207 | D:2      | Noticed Robin
  1234 | D:2      | Killed Robin
  1235 | D:2      | Reached skill level 4 in Axes
  1235 | D:2      | Reached XP level 5. HP: 8/46 MP: 5/5
  1392 | D:2      | Noticed Natasha
  1401 | D:2      | Killed Natasha
  2025 | D:3      | Found a blossoming altar of Fedhas.
  2029 | D:3      | Noticed Grinder
  2040 | D:3      | Paralysed by Grinder for 2 turns
  2050 | D:3      | Paralysed by Grinder for 2 turns
  2052 | D:3      | Killed Grinder
  2053 | D:3      | Reached skill level 5 in Fighting
  2053 | D:3      | Reached skill level 5 in Axes
  2053 | D:3      | Reached XP level 6. HP: 43/56 MP: 6/6
  2425 | D:3      | Found a stormy altar of Qazlal.
  2447 | D:3      | Became a worshipper of Qazlal Stormbringer
  2548 | D:3      | Found a runed translucent door.
  2549 | D:3      | Noticed Crazy Yiuf
  2551 | D:3      | Identified the +10 hammer "Dilyzxov" {freeze, rF+}
  2977 | D:4      | Your scales start taking on a lurid green colour.
  2977 | D:4      | Reached XP level 7. HP: 61/61 MP: 7/7
  2977 | D:4      | Gained mutation: Your system is resistant to poisons.
                  | (rPois) [Green Draconian growth]
  2980 | D:4      | Found a transporter.
  3011 | D:4      | Found a transporter.
  3260 | D:4      | Reached skill level 6 in Axes
  3260 | D:4      | Reached * piety under Qazlal
  3388 | D:4      | Found Hyjesyss's Antique Weapon Shoppe.
  3465 | D:4      | Found a broken altar of Ashenzari.
  3472 | D:4      | Reached skill level 5 in Shields
  3949 | D:5      | Entered Level 5 of the Dungeon
  4374 | D:5      | Reached XP level 8. HP: 70/70 MP: 8/8
  4476 | D:5      | Reached skill level 1 in Shapeshifting
  4498 | D:5      | Reached skill level 7 in Axes
  4797 | D:5      | Found Qeryukir's Distillery.
  5366 | D:6      | Reached ** piety under Qazlal
  5474 | D:6      | Noticed Pikel
  5643 | D:5      | Killed Pikel
  5644 | D:5      | Reached skill level 8 in Axes
  5644 | D:5      | Reached XP level 9. HP: 45/79 MP: 9/9
  5778 | D:6      | Got a peculiar book
  6464 | D:7      | Reached skill level 9 in Axes
  6773 | D:7      | Found a flagged portal.
  6779 | Bailey   | Entered a bailey
  6861 | Bailey   | Noticed an orc knight
  6890 | Bailey   | Killed an orc knight
  7029 | Bailey   | Reached XP level 10. HP: 69/88 MP: 10/10
  7032 | Bailey   | Reached *** piety under Qazlal
  7078 | Bailey   | Slain by an orc warrior

Illustrated notes

Levels and vault maps discovered:
D:1:      wander_arrival_estate, layout_loops_ring, serial_shops,
          nicolae_diamond_shop
D:2:      layout_basic, minmay_rat_gold_closets, uniq_robin, uniq_natasha
D:3:      layout_basic, grunt_temple_overflow_forces_of_nature, uniq_grinder,
          uniq_crazy_yiuf_cottage
D:4:      gammafunk_steamed_eel, layout_loops_ring,
          nicolae_ashenzari_panopticon, serial_shops, nicolae_square_shop
D:5:      layout_basic, serial_shops, shop
D:6:      layout_rooms, uniq_pikel
D:7:      layout_layer_cave, minmay_temple_entry_wispy, enter_bailey_3
Bailey:   bailey_axe_4, bailey

Skill      XL: |  1  2  3  4  5  6  7  8  9 |
---------------+----------------------------+-----
Axes           | 3 4 5 6 8 9 |  9.9
Fighting       | 4 5 6 7 8 |  8.2
Shields        | 4 5 6 7 |  7.4
Shapeshifting  | 3 4 |  4.5
Dodging        | |  2.6

Action                     |  1- 3 |  4- 6 |  7- 9 | 10-12 || total
---------------------------+-------+-------+-------+-------++-------
  Melee: War axe           |   104 |   183 |   454 |    20 ||   761
         Tailslap          |     9 |    16 |    57 |     5 ||    87
    Use: Potion            |       |       |       |     1 ||     1
   Stab: Sleeping          |       |     3 |       |       ||     3
 Armour: Skin              |    61 |   123 |   282 |    14 ||   480
  Dodge: Dodged            |    71 |   107 |   281 |    13 ||   472
  Block: Buckler           |    32 |    50 |   152 |     6 ||   240
   Form: Beast             |       |       |     1 |       ||     1

Table legend: (Time is in decaauts)
 A = Elapsed time spent in this place.
 B = Non-inter-level travel time spent in this place.
 C = Inter-level travel time spent in this place.
 D = Time resting spent in this place.
 E = Time spent auto-exploring this place.
 F = Levels seen in this place.
 G = Mean time per level.
                   A        B        C        D        E       F      G
               +--------+--------+--------+--------+--------+-----+--------+
         Total |   7278 |   7098 |    180 |    962 |   4464 |   8 |  909.8 |
       Dungeon |   6976 |   6796 |    180 |    863 |   4391 |   7 |  996.6 |
        Bailey |    301 |    301 |      0 |     99 |     73 |   1 |  301.0 |
               +--------+--------+--------+--------+--------+-----+--------+

Top non-repeatable levels by time:
     D:5: 1685 daAuts
     D:3: 1119 daAuts
     D:2: 1102 daAuts
     D:4: 1046 daAuts
     D:1: 828 daAuts
     D:6: 675 daAuts
     D:7: 518 daAuts
  Bailey: 301 daAuts
